Map: Ice and Chrome LE

Players

HellraiseR

  • Race: Protoss Protoss
  • League: Grandmaster
  • Spawn Location: 7:00

Serral - Winner!

  • Race: Zerg Zerg
  • League: Grandmaster
  • Spawn Location: 1:00

Event: DreamHack SC2 Masters 2020 Fall

VOD

Have the link to the VOD?

Description

Time

  • Played on: Aug. 28, 2020, 12:25 p.m.
  • Length: 11:37

All games in this series

Show
View Real Time Build Order
Export as new Build Order

HellraiseR Protoss 

Build Orders: 1 Gate Expand, Oracle Opening, Archon Immortal 

Get SALT Encoding   

  12  0:00  Probe  
  13  0:12  Probe  
  14  0:20  Pylon  
  14  0:24  Probe (Chrono Boost)  
  15  0:38  Gateway  
  15  0:39  Probe (Chrono Boost)  
  16  0:45  Probe (Chrono Boost)  
  16  0:47  Assimilator  
  17  0:53  Probe  
  18  1:06  Probe  
  18  1:10  Pylon  
  19  1:18  Probe  
  20  1:32  Cybernetics Core  
  20  1:35  Nexus  
  20  1:41  Zealot (Chrono Boost)  
  22  1:49  Pylon  
  22  1:59  Gateway  
  22  2:04  Probe  
  22  2:07  Adept (Chrono Boost)  
  25  2:15  Assimilator  
  25  2:18  Probe  
  26  2:30  Stargate  
  26  2:33  Probe (Chrono Boost)  
  27  2:42  Warp Gate  
  27  2:43  Probe (Chrono Boost)  
  28  2:47  Adept (Chrono Boost)  
  28  2:48  Probe (Chrono Boost)  
  31  2:52  Probe  
  32  3:00  Pylon  
  32  3:02  Probe  
  32  3:05  Probe  
  34  3:08  Adept  
  36  3:14  Probe  
  36  3:18  Oracle (Chrono Boost), Probe  
  36  3:26  Probe  
  40  3:30  Probe  
  40  3:33  Pylon  
  41  3:38  Probe  
  42  3:42  Probe  
  42  3:43  Void Ray (Chrono Boost)  
  43  3:50  Probe  
  43  3:54  Probe  
  49  3:58  Assimilator  
  49  4:00  Assimilator  
  49  4:02  Pylon, Probe  
  50  4:06  Probe  
  51  4:14  Probe  
  52  4:18  Probe  
  53  4:24  Stargate  
  53  4:26  Probe  
  53  4:30  Probe  
  57  4:38  Probe  
  57  4:41  Zealot x2  
  57  4:42  Pylon  
  62  4:48  Probe  
  61  4:55  Nexus  
  61  4:59  Twilight Council, Robotics Facility, Probe  
  62  5:02  Forge  
  62  5:05  Probe  
  63  5:09  Protoss Air Weapons Level 1  
  63  5:11  Probe  
  63  5:12  Sentry, Pylon  
  63  5:13  Sentry  
  68  5:17  Probe  
  69  5:22  Protoss Ground Weapons Level 1 (Chrono Boost)  
  69  5:23  Probe  
  70  5:30  Gateway  
  70  5:31  Gateway  
  72  5:36  Charge  
  72  5:42  Gateway  
  70  5:47  Gateway  
  70  5:52  Templar Archives  
  70  5:53  Warp Prism (Chrono Boost)  
  72  5:59  Probe  
  72  6:00  Probe  
  74  6:05  Pylon  
  74  6:11  Probe  
  74  6:12  Probe x2  
  74  6:14  Photon Cannon  
  77  6:23  Probe  
  77  6:24  Probe x2  
  80  6:28  Pylon  
  76  6:36  Probe x3  
  76  6:37  High Templar x4  
  76  6:38  Zealot  
  89  6:42  Assimilator  
  89  6:43  Archon x2  
  89  6:44  Immortal (Chrono Boost)  
  93  6:47  Assimilator  
  93  6:48  Probe x2  
  95  6:58  Zealot x2  
  99  7:07  Gateway  
  99  7:08  Gateway  
  99  7:09  Pylon  
  99  7:13  Probe  
  99  7:14  Protoss Ground Weapons Level 2 (Chrono Boost)  
  104  7:16  Immortal (Chrono Boost)  
  104  7:28  High Templar x2  
  104  7:29  Zealot x4  
  116  7:31  Pylon  
  116  7:40  Observer (Chrono Boost)  
  116  7:42  Archon  
  117  7:46  Photon Cannon  
  117  7:48  Photon Cannon  
  117  7:50  Zealot x2, High Templar x2  
  125  7:54  Pylon  
  125  7:55  Archon  
  125  8:00  Pylon  
  125  8:12  Pylon  
  125  8:14  Nexus  
  125  8:15  Pylon  
  125  8:16  Pylon  
  125  8:26  Zealot x8  
  140  8:27  Psionic Storm  
  134  8:35  Probe  
  134  8:39  Immortal (Chrono Boost)  
  139  8:49  Nexus  
  139  8:52  High Templar x4  
  147  8:59  Probe, Pylon  
  148  9:05  Probe  
  148  9:06  Probe  
  148  9:07  Photon Cannon  
  148  9:08  Shield Battery  
  150  9:12  Immortal  
  150  9:13  Probe  
  155  9:24  High Templar x2  
  155  9:25  High Templar, Probe  
  155  9:26  Probe  
  155  9:27  Photon Cannon  
  155  9:29  Shield Battery  
  164  9:32  Sentry  
  145  9:47  Probe  
  115  10:01  Zealot x4  
  115  10:02  Zealot x4  
  115  10:04  Immortal (Chrono Boost)  
  118  10:10  Probe  
  118  10:11  Probe  
  120  10:16  Probe  
  121  10:22  High Templar x2  
  121  10:23  High Templar  
  121  10:24  High Templar  
  121  10:28  Nexus, Archon x2  
  116  10:29  Probe x2  
  116  10:30  Probe, Pylon  
  116  10:33  Immortal (Chrono Boost)  
  119  10:41  Probe x2  
  119  10:42  Probe  
  121  10:47  Pylon  
  121  10:51  High Templar x2  
  121  10:53  Probe x2  
  121  10:54  Probe  
  121  10:55  Archon  
  114  11:00  Assimilator  
  114  11:03  Immortal (Chrono Boost)  
  118  11:05  Probe (Chrono Boost), Photon Cannon  
  118  11:06  Assimilator, Probe (Chrono Boost)  
  118  11:08  Shield Battery  
  118  11:11  Probe (Chrono Boost)  
  121  11:17  Probe (Chrono Boost)  
  122  11:19  Zealot x2, Probe (Chrono Boost)  
  122  11:23  Probe (Chrono Boost)  
  127  11:28  Archon x2  
Show
View Real Time Build Order
Export as new Build Order

Serral Zerg - Winner!

Build Orders: Pool First 

Get SALT Encoding   

  12  0:00  Drone  
  13  0:11  Overlord  
  13  0:16  Drone  
  14  0:30  Drone  
  14  0:31  Drone  
  16  0:40  Spawning Pool  
  15  0:44  Drone  
  15  0:48  Drone  
  17  1:02  Extractor  
  16  1:12  Drone  
  17  1:26  Hatchery  
  17  1:28  Zergling x6  
  19  1:36  Queen  
  21  1:44  Overlord  
  21  1:59  Drone  
  22  2:02  Metabolic Boost  
  22  2:04  Drone  
  23  2:11  Drone  
  23  2:14  Queen  
  26  2:22  Drone  
  27  2:33  Drone  
  28  2:38  Queen  
  28  2:39  Drone  
  31  2:48  Overlord  
  31  2:49  Drone  
  31  2:50  Drone x2  
  34  2:55  Drone  
  35  3:04  Drone  
  34  3:14  Spore Crawler  
  34  3:18  Drone x2  
  34  3:19  Hatchery  
  34  3:20  Drone  
  34  3:23  Drone  
  34  3:25  Drone  
  37  3:29  Drone x2  
  37  3:32  Drone  
  40  3:39  Spore Crawler  
  40  3:40  Drone x2  
  41  3:46  Queen  
  43  3:49  Overlord  
  43  3:53  Pneumatized Carapace  
  42  3:57  Overlord  
  42  4:00  Drone  
  43  4:05  Overlord  
  43  4:08  Drone x2  
  43  4:09  Drone  
  47  4:10  Drone x2  
  47  4:17  Drone x2  
  50  4:19  Drone x2  
  50  4:23  Drone  
  50  4:24  Drone  
  54  4:28  Overlord  
  54  4:30  Drone, Zergling x2  
  54  4:31  Zergling x2  
  57  4:32  Overlord  
  57  4:38  Spore Crawler  
  56  4:41  Queen  
  56  4:42  Drone  
  59  4:45  Overlord  
  59  4:49  Zergling x2  
  59  4:51  Overlord  
  59  4:52  Zergling x2  
  61  4:53  Drone  
  61  4:54  Drone  
  61  4:55  Drone x2  
  65  5:01  Evolution Chamber, Extractor  
  65  5:05  Drone  
  64  5:10  Drone x4  
  64  5:13  Drone, Queen  
  71  5:16  Lair  
  71  5:18  Drone  
  71  5:19  Drone  
  72  5:25  Drone x2  
  72  5:26  Baneling Nest  
  73  5:32  Drone x2, Hatchery  
  73  5:35  Drone x2  
  76  5:37  Drone, Extractor  
  76  5:40  Zerg Melee Weapons Level 1  
  76  5:43  Zergling x2  
  76  5:46  Zergling x6  
  80  5:50  Drone x2  
  80  5:54  Overlord  
  80  5:55  Extractor  
  83  5:57  Overlord  
  83  6:00  Drone x2, Overlord  
  83  6:02  Drone x2  
  85  6:11  Drone x3  
  85  6:13  Drone x2  
  85  6:15  Hydralisk Den  
  89  6:19  Overlord  
  89  6:20  Drone  
  89  6:23  Overlord  
  89  6:24  Extractor x2  
  88  6:26  Zergling x8  
  88  6:28  Centrifical Hooks  
  92  6:33  Overseer  
  92  6:34  Overlord x2  
  92  6:38  Zergling x8  
  96  6:45  Hydralisk x3  
  96  6:46  Grooved Spines  
  102  6:49  Overlord  
  102  6:52  Hydralisk x2  
  106  6:59  Hydralisk x2  
  110  7:02  Overseer  
  110  7:07  Hydralisk  
  110  7:08  Hydralisk  
  110  7:22  Hydralisk  
  110  7:23  Hydralisk x4  
  110  7:29  Overlord  
  122  7:30  Hydralisk x2  
  126  7:40  Overlord  
  126  7:43  Drone x5  
  128  7:44  Drone x2  
  128  7:46  Overlord  
  128  7:48  Baneling x9  
  130  7:54  Zergling x22  
  130  7:57  Zerg Melee Weapons Level 2, Muscular Augments  
  141  7:58  Overlord  
  141  8:04  Drone x3  
  144  8:09  Overlord  
  144  8:10  Overseer  
  144  8:11  Overlord  
  144  8:18  Baneling x10  
  144  8:19  Zergling x2  
  150  8:20  Zergling x14  
  148  8:27  Zergling x6  
  148  8:31  Zergling x16  
  148  8:32  Zergling x2  
  148  8:33  Baneling x5  
  157  8:38  Queen  
  157  8:40  Baneling  
  157  8:41  Baneling x8  
  158  8:46  Zergling x12  
  158  8:53  Baneling x9  
  158  9:00  Drone  
  158  9:01  Drone x2  
  161  9:05  Zergling x16  
  161  9:06  Hatchery  
  168  9:14  Overlord  
  168  9:15  Infestation Pit  
  167  9:19  Zergling x16  
  167  9:20  Zergling x4  
  175  9:27  Drone  
  175  9:28  Drone x3, Extractor, Spire  
  174  9:33  Zergling x8  
  174  9:34  Baneling x5  
  178  9:43  Zergling x16  
  159  9:55  Zergling x8  
  144  10:01  Zergling x6  
  144  10:06  Hive  
  142  10:08  Drone  
  142  10:09  Drone x3  
  142  10:10  Baneling  
  142  10:11  Baneling x4  
  146  10:15  Baneling x11  
  146  10:16  Zergling x20  
  146  10:21  Hydralisk x3  
  156  10:22  Zergling x4  
  156  10:23  Baneling x5  
  163  10:29  Zergling x2  
  163  10:30  Zergling x6  
  166  10:36  Zergling x6  
  166  10:37  Baneling x7  
  166  10:40  Zergling x4  
  166  10:42  Drone  
  172  10:43  Drone  
  170  10:50  Zergling x28  
  170  10:53  Baneling x11  
  170  10:54  Baneling x2  
  180  10:58  Queen  
  180  11:01  Baneling x8  
  180  11:03  Drone x4  
  186  11:07  Zergling x4  
  186  11:08  Overseer  
  187  11:18  Zergling x30  

Tags
 
Add a new tag
Caveats
  • Supply blocks, unpowered buildings, or Contaminate may cause inaccurate times.
  • Supply counts are checked every 10 seconds.